 Dungeon Crawl Stone Soup version 0.29.1-4-g47bece8355 (webtiles) character file.

Game seed: 12941392957530934067

410 motorez the Conjurer (level 6, -5/32 HPs)
             Began as a Deep Elf Conjurer on Dec 5, 2022.
             Slain by a gnoll bouda
             ... wielding a +0 club
              (11 damage)
             ... on level 5 of the Dungeon.
             The game lasted 00:28:32 (4712 turns).

motorez the Conjurer (Deep Elf Conjurer)            Turns: 4712, Time: 00:28:33

Health: -5/32      AC:  2    Str:  9    XL:     6   Next: 58%
Magic:  5/17       EV: 16    Int: 25    God:
Gold:   161        SH:  0    Dex: 13    Spells: 5/17 levels left

rFire   + . .      SeeInvis .   r - +7 whip
rCold   x . .      Faith    .   (no shield)
rNeg    + . .      Spirit   .   a - +0 robe
rPois   .          Reflect  .   (no helmet)
rElec   .          Harm     .   (no cloak)
rCorr   .          Rampage  .   (no gloves)
Will    .....                   (no boots)
Stlth   ++........              (no amulet)
HPRegen 0.10/turn               c - +4 ring of evasion
MPRegen 0.15/turn               u - ring of Buria {Fire rN+ Str+5}

@: about to teleport, invisible
A: no striking features
a: no special abilities


You were on level 5 of the Dungeon.
You visited 1 branch of the dungeon, and saw 5 of its levels.

You collected 161 gold pieces.

Inventory:

Hand Weapons
 j - a +2 hand axe of electrocution
 r - a +7 whip (weapon)
Missiles
 m - 5 atropa-tipped darts
Armour
 a - a +0 robe (worn)
Magical Staves
 t - a staff of death
Jewellery
 c - a +4 ring of evasion (left hand)
 h - a +4 ring of evasion
 u - the ring of Buria (right hand) {Fire rN+ Str+5}
   (You found it on level 4 of the Dungeon)

   [ring of fire]

   It enhances your fire magic.
   Str:       It affects your strength (+5).
   rF:        It protects you from fire.
   rC:        It makes you vulnerable to cold.
   rN:        It protects you from negative energy.
Wands
 q - a wand of flame (20)
 s - a wand of iceblast (15)
Scrolls
 f - 2 scrolls of teleportation
 g - 3 scrolls of magic mapping {unknown}
 k - 2 scrolls of vulnerability
 n - 9 scrolls of identify {unknown}
 p - a scroll of enchant weapon {unknown}
 w - a scroll of silence {unknown}
 y - a scroll of enchant armour {unknown}
Potions
 b - a potion of magic
 d - a potion of might {unknown}
 e - a potion of lignification {unknown}
 i - 2 potions of haste {unknown}
 l - a potion of degeneration {unknown}
 o - a potion of resistance {unknown}
 v - a potion of invisibility
 x - a potion of brilliance {unknown}
 z - 3 potions of curing {unknown}


   Skills:
 + Level 0.1 Fighting
 - Level 2.4 Dodging
 - Level 2.4 Stealth
 + Level 6.3 Spellcasting
 + Level 7.0 Conjurations
 * Level 2.1 Hexes


You had 5 spell levels left.
You knew the following spells:

 Your Spells              Type           Power      Damage    Failure   Level
a - Magic Dart            Conj           100%       1d8       1%          1
b - Searing Ray           Conj           86%        2d7       1%          2
c - Fulminant Prism       Conj/Hex       15%        3d11      11%         4
d - Iskenderun's Battles  Conj           43%        2d9       11%         5

Your spell library contained the following spells:

 Spells                   Type           Power      Damage    Failure   Level
 Shock                    Conj/Air       100%       1d9       1%          1
 Dazzling Flash           Conj/Hex       60%        N/A       3%          3
 Stone Arrow              Conj/Erth      50%        3d10      4%          3
 Ensorcelled Hibernation  Hex/Ice        26%        N/A       7%          2
 Sandblast                Erth           14%        2d6       8%          1
 Passwall                 Tmut/Erth      5%         N/A       11%         2
 Iskenderun's Mystic Bla  Conj/Tloc      25%        2d7       17%         4
 Swiftness                Air            7%         N/A       22%         3
 Airstrike                Air            3%         2d(1-17)  58%         4
 Iron Shot                Conj/Erth      12%        9d3       95%         6
 Spellforged Servitor     Conj/Summ      12%        N/A       100%        7


Dungeon Overview and Level Annotations

Branches:
Dungeon (5/15)
 Temple: D:4-7

Altars:
Elyvilon
Fedhas
Wu Jian
The Shining One


Message History

Aim: a gnoll, wielding a +0 whip (severely wounded, covering ground quickly, 84% to hit)
The searing ray hits the gnoll.
You kill the gnoll!
The searing ray hits the gnoll bouda.
The gnoll bouda is lightly wounded. (Press . to maintain the ray.)
Casting: Searing Ray (safe; 1% risk of failure)
Confirm with . or Enter, or press ? or * to list all spells.
Restarting spell: Searing Ray (safe; 1% risk of failure)
Press: ? - help, Shift-Dir - straight line, f - gnoll bouda
Aim: a gnoll bouda, wielding a +0 club and wearing a +0 robe (lightly wounded, 84% to hit)
The searing ray hits the gnoll bouda.
The gnoll bouda is heavily wounded. (Press . to maintain the ray.)
Your attacks no longer feel as feeble.
A gnoll comes into view. It is wielding a +0 club.
The gnoll bouda attacks as you move away!
The gnoll bouda hits you with a +0 club!
The gnoll bouda barks out a call to the hunt!
The gnoll shouts!
Casting: Searing Ray (safe; 1% risk of failure)
Confirm with . or Enter, or press ? or * to list all spells.
Aiming: Searing Ray (safe; 1% risk of failure)
Press: ? - help, Shift-Dir - straight line, f/p - gnoll bouda
Aim: a gnoll bouda, wielding a +0 club and wearing a +0 robe (heavily wounded, 84% to hit)
The searing ray hits the gnoll bouda.
The gnoll bouda is severely wounded. (Press . to maintain the ray.)
The gnoll bouda hits you with a +0 club.
The gnoll bouda attacks as you move away!
The gnoll bouda hits you with a +0 club.
The gnoll bouda attacks as you move away!
The gnoll bouda hits you with a +0 club!
* * * LOW HITPOINT WARNING * * *
As you read the scroll of teleportation, it crumbles to dust.
You feel strangely unstable. The gnoll bouda completely misses you.
It was a potion of invisibility.
You fade into invisibility!
The gnoll bouda hits you with a +0 club!
You die...

.. ..## #. ..##
#.########..#
#.#.<...).#.# +#
#.#..####)#.#####.###
#.#.....#...)....... ##
#....##.####)..#.#.# ...
#....###
####.#.#...#.#.# ###...
##.#@.......!..#. #..<.
#..gg##.....##.. #.....
##...............
#.....# #....#.###.#....
##..... #........)......
##....##....##.....##...
#.#.#...........#
#...#.#.#...#.#.#
.........#.#.#.....


You could see a gnoll bouda (unable to see you) and a gnoll (swift, unable to
see you).

Vanquished Creatures
  2 scorpions (D:4)
  A crimson imp (D:4)
  An orc priest (D:3)
  4 adders
  9 gnolls
  A white imp (D:4)
  A worm (D:2)
  2 dart slugs
  4 orcs (D:3)
  4 bats
  10 endoplasms
  2 giant cockroaches (D:3)
  8 goblins
  9 hobgoblins
  4 jackals (D:2)
  7 kobolds
  3 quokkas
  8 ball pythons
  3 frilled lizards
  7 rats
90 creatures vanquished.

Notes
Turn   | Place    | Note
-------+----------+-------------------------------------------
     0 | D:1      | motorez the Deep Elf Conjurer began the quest for the Orb.
     0 | D:1      | Reached XP level 1. HP: 10/10 MP: 6/6
   177 | D:1      | Found a faded altar of an unknown god.
   295 | D:1      | Reached XP level 2. HP: 15/15 MP: 6/8
   576 | D:1      | Reached skill level 5 in Conjurations
   634 | D:1      | Learned a level 2 spell: Searing Ray
   972 | D:1      | Reached XP level 3. HP: 19/19 MP: 6/9
  1276 | D:1      | Learned a level 2 spell: Searing Ray
  2000 | D:2      | Reached XP level 4. HP: 24/24 MP: 6/11
  2817 | D:3      | Reached skill level 6 in Conjurations
  3198 | D:3      | Reached XP level 5. HP: 20/28 MP: 3/14
  3331 | D:3      | Found a blossoming altar of Fedhas.
  3377 | D:4      | Learned a level 4 spell: Fulminant Prism
  3469 | D:4      | Reached skill level 5 in Spellcasting
  3469 | D:4      | Reached skill level 1 in Hexes
  3545 | D:4      | Identified the ring of Buria {Fire rN+ Str+5}
  3777 | D:4      | Found an ornate altar of the Wu Jian Council.
  3863 | D:4      | Found a glowing golden altar of the Shining One.
  4062 | D:4      | Learned a level 5 spell: Iskenderun's Battlesphere
  4084 | D:4      | Reached XP level 6. HP: 32/32 MP: 8/16
  4207 | D:4      | Found a white marble altar of Elyvilon.
  4384 | D:5      | Entered Level 5 of the Dungeon
  4566 | D:5      | Reached skill level 7 in Conjurations
  4712 | D:5      | Slain by a gnoll bouda

Illustrated notes

Levels and vault maps discovered:
D:1:      dpeg_arrival_rooms_a, layout_basic, ebering_ecumenical_altar_rust,
          minmay_pentomino_o2
D:2:      layout_loops_cross
D:3:      layout_rooms, mainiacjoe_overflow_catwalk
D:4:      layout_cave_pools, elyvilon_altar_5,
          mainiacjoe_overflow_small_starburst, nicolae_overflow_crystal_walls,
          hangedman_feature_mirror, minmay_fire_ice_demons
D:5:      nicolae_cairo_tiling_large_dashed, layout_basic,
          nicolae_dithmenos_shadow_blocks

Skill      XL: |  1  2  3  4  5  6 |
---------------+-------------------+-----
Conjurations   | 5 6 7 |  7.0
Spellcasting   | 4 5 6 |  6.3
Hexes          | 1 2 |  2.1
Fighting       | |  0.1
Dodging        | |  2.4
Stealth        | |  2.4

Action                   |  1- 3 |  4- 6 || total
-------------------------+-------+-------++-------
Melee: Unarmed           |     1 |       ||     1
       Hand axe          |       |     3 ||     3
 Cast: Magic Dart        |    75 |    50 ||   125
       Searing Ray       |    10 |    64 ||    74
  Use: Scroll            |     4 |     1 ||     5
       Potion            |       |     1 ||     1
Armor: Robe              |     4 |     5 ||     9
Dodge: Dodged            |     9 |    17 ||    26
